 Dungeon Sprint DCSS version 0.20-a0-1122-gb7cbeb9 (webtiles) character file.

32 Kidiri the Magician (level 3, -1/20 HPs)
             Began as a Deep Elf Fire Elementalist on May 12, 2017.
             Slain by a human (7 damage)
             ... in the Dungeon (Sprint III: "The Ten Rune Challenge").
             The game lasted 00:00:42 (246 turns).

Kidiri the Magician (Deep Elf Fire Elementalist)     Turns: 246, Time: 00:00:43

Health: -1/20      AC:  2    Str:  5    XL:     3   Next: 8%
Magic:  0/11       EV: 14    Int: 20    God:
Gold:   0          SH:  0    Dex: 15    Spells: 3/12 levels left

rFire    . . .     SeeInvis .   (no weapon)
rCold    . . .     Gourm    .   (no shield)
rNeg     . . .     Faith    .   a - +0 robe
rPois    .         Spirit   .   (no helmet)
rElec    .         Reflect  .   (no cloak)
rCorr    .         Harm     .   (no gloves)
MR       .....     NoTele   +   (no boots)
Stlth    ++........             (no amulet)
Regen    0.1/turn               (no ring)
MPRegen  0.2/turn               (no ring)

@: no status effects
A: no striking features
a: no special abilities


You were in the Dungeon.
You were not hungry.

You visited 1 branch

Inventory:

Armour
 a - a +0 robe (worn)
Wands
 j - a wand of digging (8/24)
Scrolls
 i - a scroll of blinking
 k - a scroll of immolation {unknown}
Potions
 d - a potion of curing
 e - a potion of heal wounds
 f - a potion of haste
 g - 2 potions of magic
 h - a potion of berserk rage
Books
 b - a book of Flames

   Spells                             Type                      Level
   a - Flame Tongue                   Conjuration/Fire             1
   b - Throw Flame                    Conjuration/Fire             2
   c - Conjure Flame                  Conjuration/Fire             3
   d - Inner Flame                    Hexes/Fire                   3
   e - Sticky Flame                   Conjuration/Fire             4
   f - Fireball                       Conjuration/Fire             5
Comestibles
 c - a bread ration


   Skills:
 + Level 1.4 Fighting
 + Level 1.5 Armour
 + Level 3.6 Dodging
 - Level 2.4 Stealth
 * Level 5.4 Spellcasting
 + Level 2.6 Conjurations
 + Level 4.1 Fire Magic


You had 3 spell levels left.
You knew the following spells:

 Your Spells              Type           Power        Failure   Level  Hunger
a - Flame Tongue          Conj/Fire      ###..        2%          1    None
b - Throw Flame           Conj/Fire      ###...       4%          2    None
c - Conjure Flame         Conj/Fire      ###.....     9%          3    ##.....
d - Inner Flame           Hex/Fire       ##......     14%         3    ##.....


Dungeon Overview and Level Annotations

Branches:
Dungeon (1/1)

Altars:


Message History

The human is severely wounded.
The human hits you.
Casting: Flame Tongue
Confirm with . or Enter, or press ? or * to list all spells.
Aiming: Flame Tongue
Press: ? - help, Shift-Dir - straight line, f/p - human
Aim: a human (severely wounded)
The flame tongue hits the human.
The human is severely wounded.
The human hits you.
* * * LOW HITPOINT WARNING * * *
Casting: Flame Tongue
Confirm with . or Enter, or press ? or * to list all spells.
Aiming: Flame Tongue
Press: ? - help, Shift-Dir - straight line, f/p - human
Aim: a human (severely wounded)
The flame tongue hits the human.
The human is almost dead.
The human hits you!
You die...

▓..##..)....#
▓##.##.##...# .#
##.##.###..# ..#
▓#.####.##..# ...+
▓.###..##..##
#...# ▓#.....##..#
#....#
###..##...##.....#
##..##....#p.....#
#..###..##@# #(.#
#.. ### ▓▓▓▓ ▓▓▓


You could see a human.

Vanquished Creatures
  Jessica (D)
  An ooze (D)
  2 rats (D)
4 creatures vanquished.

Vanquished Creatures (others)
  2 draconian scorchers (D)
  6 hellions (D)
  A yaktaur (D)
9 creatures vanquished.

Grand Total: 13 creatures vanquished

Notes
Turn   | Place    | Note
-------+----------+-------------------------------------------
     0 | D        | Kidiri the Deep Elf Fire Elementalist began the quest for the Orb.
     0 | D        | Reached XP level 1. HP: 10/10 MP: 6/6
    81 | D        | Noticed Jessica
    84 | D        | Killed a yaktaur
    85 | D        | Killed Jessica
    85 | D        | Reached skill level 1 in Fighting
    85 | D        | Reached skill level 1 in Armour
    85 | D        | Reached skill level 5 in Spellcasting
    85 | D        | Reached XP level 2. HP: 9/16 MP: 6/10
    85 | D        | Reached XP level 3. HP: 11/20 MP: 6/11
    89 | D        | Learned a level 2 spell: Throw Flame
    89 | D        | Killed a hellion
    91 | D        | Killed a hellion
    93 | D        | Learned a level 3 spell: Conjure Flame
    97 | D        | Learned a level 3 spell: Inner Flame
   100 | D        | Killed a hellion
   102 | D        | Killed a hellion
   102 | D        | Killed a hellion
   103 | D        | Killed a hellion
   180 | D        | Killed a white draconian scorcher
   239 | D        | Killed a white draconian scorcher
   246 | D        | Slain by a human

Vault maps used:
D:        dungeon_sprint_mu

Skill      XL: |  1 |
---------------+----+-----
Fighting       | 1 |  1.4
Armour         | 1 |  1.5
Dodging        | 3 |  3.6
Spellcasting   | 5 |  5.4
Conjurations   | 2 |  2.6
Fire Magic     | 4 |  4.1
Stealth        | |  2.4

Action                   || total
-------------------------++-------
Melee: Unarmed           ||     1
 Cast: Flame Tongue      ||    14
       Throw Flame       ||     2
Dodge: Dodged            ||     2
